 Dungeon Crawl Stone Soup version 0.30-b1-2-g02819fbbbe (webtiles) character file.

Game seed: 440412078260818119

933463 Fartwhistle the Cryomancer (level 27, -1/349 HPs)
             Began as a Gnoll Hunter on Sept 18, 2023.
             Was the Champion of the Shining One.
             Slain by a bennu (10 damage)
             ... on level 3 of the Tomb of the Ancients on Sept 22, 2023.
             The game lasted 08:19:26 (113002 turns).

Fartwhistle the Cryomancer (Gnoll Hunter)         Turns: 113002, Time: 08:19:27

Health: -1/349     AC: 36    Str: 13 (15) XL:     27
Magic:  24/58      EV:  2    Int: 21      God:    the Shining One [******]
Gold:   3458       SH:  0    Dex: 16 (20) Spells: 3/70 levels left

rFire   . . .        R - +16 consecrated labrys {holy, Valiant Fragile Fly SInv}
rCold   . . .        V - +2 buckler {AC+3}
rNeg    + + +        X - melded +8 fire dragon scales
rPois   +            P - melded +0 helmet {Int+3}
rElec   .            l - melded +2 cloak {rPois}
rCorr   .            M - melded +2 pair of gloves {Str+3}
SInv    +            C - melded +1 pair of boots of Impatience {rElec Will++}
Will    +....        c - amulet of reflection
Stlth   ++++         q - ring of wizardry
HPRegen 0.78/turn    a - ring "Ubaha" {rPois MP+9 Str+3 Int+6 Slay+2}
MPRegen 0.36/turn

%: reflection, wizardry (x1)
@: brilliant, lethally poisoned (-1 -> -43), tree-form, weak-willed, very
slightly contaminated, held, hasted and slowed, glowing
A: stationary, stasis, torment immunity, boosted hp, (fangs 1), strong nose,
distributed training, (hooves 1), (iridescent scales 1), dopey 1
}: 10/15 runes: decaying, serpentine, slimy, silver, abyssal, demonic, glowing,
magical, fiery, dark
a: Renounce Religion, Divine Shield, Cleansing Flame, Summon Divine Warrior


You were on level 3 of the Tomb of the Ancients.
You worshipped the Shining One.
The Shining One was exalted by your worship.
You were a tree.
You visited 15 branches of the dungeon, and saw 63 of its levels.
You visited Pandemonium 5 times, and saw 17 of its levels.
You visited the Abyss 11 times.
You visited 1 bazaar.
You also visited: Trove, Bailey and Ice Cave.

You collected 10613 gold pieces.
You spent 7155 gold pieces at shops.

Inventory:

Hand Weapons
 e - a +6 sacred scourge of holy wrath
 m - the +8 war axe of Calculation {flame, Str+6}
   (You found it on level 13 of the Dungeon)

   Str:       It affects your strength (+6).
 r - the +5 hand crossbow of Proximity {freeze, rPois rF- rN+++ Will+ Int+4}
   (You found it in Pandemonium)

   Int:       It affects your intelligence (+4).
   rF:        It makes you vulnerable to fire.
   rPois:     It protects you from poison.
   rN:        It renders you almost immune to negative energy.
   Will:      It increases your willpower.
 x - a +7 arbalest of holy wrath
 R - the +16 consecrated labrys (weapon) {holy, Valiant Fragile Fly SInv}
   (You bought it in a shop on level 4 of the Depths)

   Valiant:   It becomes more powerful as more dangerous foes come into view.
   SInv:      It lets you see invisible.
   Fly:       It grants you flight.
   Fragile:   It will be destroyed if unequipped.
Missiles
 t - 8 silver boomerangs
Armour
 l - a +2 cloak of poison resistance (melded)
 C - the +1 pair of boots of Impatience (melded) {rElec Will++}
   (You found it on level 5 of the Pits of Slime)

   rElec:     It insulates you from electricity.
   Will:      It greatly increases your willpower.
 M - a +2 pair of gloves of strength (melded)
 P - a +0 helmet of intelligence (melded)
 V - a +2 buckler of protection (worn)
 X - +8 fire dragon scales (melded)
Jewellery
 a - the ring "Ubaha" (right branch) {rPois MP+9 Str+3 Int+6 Slay+2}
   (You found it in Pandemonium)

   [ring of poison resistance]

   Str:       It affects your strength (+3).
   Int:       It affects your intelligence (+6).
   Slay:      It affects your accuracy & damage with ranged weapons and melee
   (+2).
   rPois:     It protects you from poison.
   MP:        It affects your magic capacity (+9).
 c - an amulet of reflection (around neck)
 p - the ring of Paopok {rC+ Will+}
   (You took it off a balrug in Pandemonium)

   [ring of willpower]

   rC:        It protects you from cold.
   Will:      It increases your willpower.
 q - a ring of wizardry (left branch)
 w - the ring "Vaenat" {Ice Will+ Str+6 Dex-3}
   (You took it off a tengu warrior on level 9 of the Dungeon)

   [ring of ice]

   It enhances your ice magic.
   Str:       It affects your strength (+6).
   Dex:       It affects your dexterity (-3).
   rF:        It makes you vulnerable to fire.
   rC:        It protects you from cold.
   Will:      It increases your willpower.
 T - a ring of resist corrosion
 Z - a ring of protection from cold
Wands
 h - a wand of mindburst (66)
 E - a wand of digging (9)
 G - a wand of roots (77)
 N - a wand of acid (32)
Scrolls
 b - 13 scrolls of immolation
 d - 9 scrolls of amnesia
 g - 8 scrolls of butterflies
 j - 19 scrolls of teleportation
 o - 7 scrolls of fear
 y - a scroll of silence
 z - 3 scrolls of blinking
 F - 12 scrolls of vulnerability
 K - 8 scrolls of magic mapping
 O - 5 scrolls of brand weapon
 U - 2 scrolls of enchant armour
 Y - 8 scrolls of fog
Potions
 f - a potion of resistance
 i - 4 potions of lignification
 k - 10 potions of magic
 s - 22 potions of curing
 u - 5 potions of might
 v - 5 potions of haste
 A - 9 potions of brilliance
 B - 12 potions of heal wounds
 I - 6 potions of berserk rage
 J - 10 potions of flight
 L - 6 potions of mutation
 S - 2 potions of cancellation
Miscellaneous
 n - a tin of tremorstones (2/2)
 D - a box of beasts
 Q - a phial of floods
 W - a phantom mirror


   Skills:
 + Level 22.4 Fighting
 + Level 22.0 Short Blades
 + Level 22.0 Long Blades
 + Level 22.0 Axes
 + Level 22.0 Maces & Flails
 + Level 22.0 Polearms
 + Level 22.0 Staves
 + Level 23.2 Ranged Weapons
 + Level 22.0 Throwing
 + Level 22.0 Armour
 + Level 22.4 Dodging
 + Level 22.1 Stealth
 + Level 22.0 Shields
 + Level 22.0 Unarmed Combat
 + Level 22.0 Spellcasting
 + Level 18.9 Conjurations
 + Level 23.0 Hexes
 + Level 18.9 Summonings
 + Level 18.9 Necromancy
 + Level 18.9 Translocations
 + Level 18.9 Transmutations
 + Level 18.9 Fire Magic
 + Level 24.2 Ice Magic
 + Level 18.9 Air Magic
 + Level 18.9 Earth Magic
 + Level 18.9 Poison Magic
 + Level 23.8 Invocations
 + Level 22.0 Evocations


You had 3 spell levels left.
You knew the following spells:

 Your Spells              Type           Power      Damage    Failure   Level
a - Blink                 Tloc           100%       N/A       0%          2
b - Ensorcelled Hibernat  Hex/Ice        100%       N/A       0%          2
c - Summon Hydra          Summ           50%        N/A       1%          7
d - Tukima's Dance        Hex            100%       N/A       0%          3
e - Fire Storm            Conj/Fire      50%        8d13      32%         9
f - Summon Forest         Summ/Tloc      50%        N/A       0%          5
g - Eringya's Noxious Bo  Tmut/Pois      50%        N/A       1%          6
h - Statue Form           Tmut/Erth      67%        N/A       1%          6
i - Summon Cactus Giant   Summ           50%        N/A       1%          6
j - Passage of Golubria   Tloc           100%       N/A       0%          4
k - Polar Vortex          Ice            56%        N/A       4%          9
l - Ozocubu's Refrigerat  Ice            56%        4d19      1%          7
m - Apportation           Tloc           100%       N/A       0%          1

Your spell library contained the following spells:

 Spells                   Type           Power      Damage    Failure   Level
 Freeze                   Ice            100%       1d10      0%          1
 Necrotise                Necr           100%       1d9       0%          1
 Shock                    Conj/Air       100%       1d9       0%          1
 Summon Small Mammal      Summ           100%       N/A       0%          1
 Cigotuvi's Dreadful Rot  Necr/Pois/Air  100%       N/A       0%          2
 Lesser Beckoning         Tloc           100%       N/A       0%          2
 Momentum Strike          Conj/Tloc      100%       3d10      0%          2
 Passwall                 Tmut/Erth      84%        N/A       0%          2
 Searing Ray              Conj           100%       2d8       0%          2
 Wereblood                Tmut           100%       N/A       0%          2
 Dazzling Flash           Conj/Hex       100%       N/A       0%          3
 Hailstorm                Conj/Ice       100%       3d20      0%          3
 Ignite Poison            Fire/Tmut/Pois 100%       N/A       0%          3
 Mephitic Cloud           Conj/Pois/Air  100%       N/A       0%          3
 Ozocubu's Armour         Ice            100%       N/A       0%          3
 Portal Projectile        Hex/Tloc       100%       N/A       0%          3
 Spider Form              Tmut/Pois      100%       N/A       0%          3
 Stone Arrow              Conj/Erth      100%       3d13      0%          3
 Summon Guardian Golem    Hex/Summ       100%       N/A       0%          3
 Swiftness                Air            100%       N/A       0%          3
 Teleport Other           Tloc           100%       N/A       0%          3
 Volatile Blastmotes      Fire/Tloc      100%       2d18      0%          3
 Airstrike                Air            50%        2d(8-24)  0%          4
 Anguish                  Hex/Necr       52%        N/A       0%          4
 Animate Armour           Summ/Erth      100%       N/A       0%          4
 Cause Fear               Hex            55%        N/A       0%          4
 Fulminant Prism          Conj/Hex       52%        3d23      0%          4
 Ice Form                 Ice/Tmut       100%       N/A       0%          4
 Iskenderun's Mystic Bla  Conj/Tloc      100%       2d19      0%          4
 Manifold Assault         Tloc           100%       N/A       0%          4
 Petrify                  Tmut/Erth      100%       N/A       0%          4
 Sticky Flame             Conj/Fire      100%       2d11      0%          4
 Summon Ice Beast         Ice/Summ       100%       N/A       0%          4
 Summon Lightning Spire   Summ/Air       100%       N/A       0%          4
 Agony                    Necr           100%       N/A       0%          5
 Alistair's Intoxication  Tmut/Pois      67%        N/A       0%          5
 Blade Hands              Tmut           50%        N/A       0%          5
 Borgnjor's Vile Clutch   Necr/Erth      50%        N/A       0%          5
 Freezing Cloud           Conj/Ice/Air   52%        6-21      0%          5
 Iskenderun's Battlesphe  Conj           100%       2d15      0%          5
 Metabolic Englaciation   Hex/Ice        55%        N/A       0%          5
 Silence                  Hex/Air        52%        N/A       0%          5
 Summon Mana Viper        Hex/Summ       100%       N/A       0%          5
 Yara's Violent Unravell  Hex/Tmut       52%        3d20      0%          5
 Iron Shot                Conj/Erth      50%        9d10      1%          6
 Simulacrum               Ice/Necr       53%        N/A       1%          6
 Starburst                Conj/Fire      50%        6d14      1%          6
 Dragon Form              Tmut           50%        N/A       1%          7
 Enfeeble                 Hex            55%        N/A       1%          7
 Haunt                    Necr/Summ      50%        N/A       1%          7
 Monstrous Menagerie      Summ           50%        N/A       1%          7
 Spellforged Servitor     Conj/Summ      50%        N/A       1%          7
 Storm Form               Tmut/Air       50%        N/A       1%          7
 Disjunction              Tloc           50%        N/A       2%          8
 Ignition                 Fire           50%        3d14      2%          8
 Lehudib's Crystal Spear  Conj/Erth      50%        10d12     2%          8
 Maxwell's Capacitive Co  Air            50%        ∞         2%          8
 Chain Lightning          Conj/Air       50%        3d67      32%         9
 Dragon's Call            Summ           50%        N/A       32%         9
 Shatter                  Erth           50%        3d38*     32%         9


Dungeon Overview and Level Annotations

Branches:
Dungeon (15/15)            Temple (1/1) D:5            Lair (5/5) D:11
  Swamp (4/4) Lair:3        Snake (4/4) Lair:3        Slime (5/5) Lair:4
    Orc (2/2) D:9             Elf (3/3) Orc:2        Vaults (5/5) D:14
  Crypt (3/3) Vaults:3       Tomb (3/3) Crypt:3      Depths (4/4) D:15
   Hell (visited)             Dis (0/7) Hell            Geh (4/7) Hell
    Coc (0/7) Hell            Tar (0/7) Hell            Zot (4/5) Depths:4
 Bailey (visited)           IceCv (visited)

Altars:
Ashenzari
Dithmenos
Elyvilon
Fedhas
Gozag
Hepliaklqana
Kikubaaqudgha
Makhleb
Nemelex Xobeh
Qazlal
Ru
Sif Muna
Trog
Uskayaw
Vehumet
Xom
Yredelemnul
Zin
The Shining One
Jiyva

Shops:
D:2 ?   D:3 *   D:15 =   Orc:2 !!:!   Elf:1 ?   Elf:3 *   Snake:4 :==
Vaults:1 (   Vaults:4 ==(*=   Vaults:5 !![!*   Depths:1 [   Depths:4 (:([

Portals:
Hell: Lair:5 Depths:1 Depths:2 Depths:3 Depths:4
Abyss: Depths:1 Depths:3
Pandemonium: Depths:1 Depths:2 Depths:3
Ziggurat: Depths:2

Annotations:
Lair:1 3 runed translucent doors, Fartwhistle's ghost, journeyman GnHu
Lair:2 3 runed translucent doors, Qusi Aja's ghost, journeyman GnHu
Lair:3 3 runed translucent doors, exclusion: downstairs, MajorAdolf's ghost, journeyman NaWn
Lair:4 1 runed translucent door, Rupert
Snake:2 exclusion: downstairs
Elf:3 1 exclusion
Vaults:2 exclusion: downstairs
Depths:2 2 runed translucent doors, Darold's ghost, veteran GnVM
Depths:3 1 exclusion
Zot:4 2 transporters, PanSaczeczos's ghost, master SpBr


Innate Abilities, Weirdness & Mutations

You are a tree.
Your roots penetrate the ground, keeping you stationary.
You cannot be teleported.
You are immune to unholy pain and torment.
Your maximum health is greatly increased.
Your equipment is partially melded.
((You have very sharp teeth.))
Your uncanny sense of smell can sniff out nearby items.
Your experience applies equally to all skills.
((You have large cloven feet.))
((You are partially covered in iridescent scales. (AC +2)))
You are dopey. (Int -2)


Message History

* * * LOW HITPOINT WARNING * * *
The death scarab is engulfed in blazing flames.
The bennu pecks you.
* * * LOW HITPOINT WARNING * * *
The bennu claws you!
* * * LOW HITPOINT WARNING * * *
The bennu claws you.
* * * LOW HITPOINT WARNING * * *
The bennu pecks you but does no damage.
The bennu claws you but does no damage. x2
The flying skull barely misses you.
The death scarab is engulfed in blazing flames.
The death scarab bites your fire vortex.
The death scarab drains your fire vortex's vigour!
Your fire vortex seems to slow down.
Your fire vortex hits the death scarab.
Your fire vortex burns the death scarab!
The death scarab is destroyed!
The death scarab's corpse disappears in a puff of smoke!
Your fire vortex dissipates!
The bennu pecks you!
* * * LOW HITPOINT WARNING * * *
The bennu claws you but does no damage. x2
The ushabti shakes and rattles.
The vile air hits the emperor scorpion but does no damage.
The vile air hits the royal mummy but does no damage.
The vile air hits the death scarab.
The vile air hits the bennu but does no damage.
The vile air hits you but does no damage.
The death scarab bites you.
* * * LOW HITPOINT WARNING * * *
The death scarab drains your vigour!
You feel as though you will be slow longer.
An ushabti comes into view.
The bennu pecks you but does no damage.
The bennu claws you but does no damage. x2
The bennu pecks you!
* * * LOW HITPOINT WARNING * * *
The bennu claws you.
* * * LOW HITPOINT WARNING * * *
The bennu claws you!
You die...

#9M9MzM#.
∆∆
∆'°ss○MB'
∆
#z○°Msz#
∆
#☼s§s○s#
∆∆
#○M.ss○#
∆
#○BBs)°#
∆∆∆
#bbzz..#
∆∆
#B♣b...#
########


You could see 3 royal mummies, 9 emperor scorpions, a revenant, 3 bennus, 2
ancient champions, a mummy priest, 2 guardian mummies, 2 ushabtiu, 4 death
scarabs and 2 flying skulls.

Vanquished Creatures
  Cerebov (Pan)
  Gloorx Vloq (Pan)
  the Royal Jelly (Slime:5)
  An ancient lich (Vaults:5)
  Mennas (Depths:4)
  23 royal mummies
  3 pandemonium lords (Pan)
  Frederick (Depths:4)
  Vashnia (Snake:2)
  8 golden dragons
  2 curse toes
  Nikola (Vaults:3)
  Geryon (Hell)
  Jory (Crypt:3)
  A doom hound (Zot:4)
  4 bone dragons
  A Tzitzimitl (Pan)
  5 Brimstone Fiends
  2 hellephants
  13 tentacled monstrosities
  A walking crystal tome (Depths:3)
  2 Ice Fiends (Pan)
  8 liches
  Grunn (Zot:4)
  7 titans
  6 quicksilver dragons
  2 deep elf master archers (Elf:3)
  2 deep elf blademasters (Elf:3)
  4 searing wretches
  26 Executioners
  7 death cobs
  18 acid blobs
  16 sphinxes
  3 tentacled starspawn (Abyss:3)
  9 ancient champions
  Gastronok (D:9)
  Agnes (Snake:1)
  12 storm dragons
  A thorn hunter (Swamp:4)
  7 tengu reavers
  Donald (Vaults:1)
  7 shadow dragons
  Roxanne (D:15)
  7 azure jellies
  Kirke (Snake:2)
  14 rockslimes
  2 draconian monks
  6 nagarajas
  2 demonspawn warmongers (Pan)
  9 fire giants
  4 draconian knights
  A draconian scorcher (Zot:2)
  7 revenants
  5 frost giants
  16 vault wardens
  Louise (Swamp:3)
  2 deep elf sorcerers (Elf:3)
  An emperor scorpion (shapeshifter) (Depths:2)
  3 iron dragons
  5 ghost moths
  2 caustic shrike zombies
  An angel (Vaults:2)
  6 draconian shifters
  An orc warlord (Vaults:3)
  3 demonspawn blood saints (Pan)
  6 deep elf elementalists
  9 cacodemons (Pan)
  9 quicksilver oozes
  28 balrugs
  6 curse skulls
  13 stone giants
  22 very ugly things
  3 draconian stormcallers
  16 ghouls
  9 reapers
  A demonspawn corrupter (Pan)
  2 war gargoyles
  7 draconian annihilators
  10 black draconians
  16 ironbound preservers
  6 green draconians
  6 ironbound thunderhulks
  2 spriggan defenders (Depths:3)
  6 bennus
  10 vampire knights
  5 eleionomae
  6 purple draconians
  2 demonspawn black suns (Pan)
  7 deep elf demonologists
  7 yellow draconians
  12 lorocyprocas (Pan)
  7 deep elf annihilators
  2 bunyips
  9 dire elephants
  3 spark wasps (Depths:4)
  Azrael (D:15)
  12 red draconians
  A white draconian (Zot:3)
  6 eidola
  18 ettins
  8 deep elf death magi
  15 green deaths
  17 blizzard demons (Pan)
  A crystal guardian (Abyss:4)
  2 quicksilver dragon zombies (Crypt:3)
  The ghost of diceflayer the Warrior, a journeyman DsHu of Okawaru (D:12)
  17 mummy priests
  10 jiangshi
  5 deep elf high priests
  2 entropy weavers
  17 yaktaur captains
  A shambling mangrove (Swamp:4)
  A spriggan zombie (Crypt:3)
  10 fire dragons
  7 ice dragons
  Fannar (Lair:1)
  12 rakshasas
  12 great orbs of eyes
  24 hydras
  3 peacekeepers
  4 hell beasts
  A ghost crab (Swamp:4)
  35 vault guards
  3 ogre magi
  2 fenstrider witch skeletons (Pan)
  Erolcha (Orc:2)
  A catoblepas (D:12)
  2 salamander tyrants
  11 ironbound frosthearts
  4 boulder beetles
  5 spriggan air magi
  2 spriggan skeletons
  A stoker (Hell)
  2 death knights
  4 centaur warriors
  8 anacondas
  An azure jelly zombie (Crypt:1)
  39 death scarabs
  13 naga warriors
  6 two-headed ogres
  A deep troll shaman (Depths:1)
  32 dancing weapons
  10 tengu warriors
  8 alligators
  6 shock serpents
  An orc high priest (Elf:3)
  7 death yaks
  6 deep troll earth magi
  A titan zombie (Crypt:1)
  2 spriggan berserkers
  27 hell hogs
  12 naga sharpshooters
  A storm dragon zombie (Crypt:3)
  12 vampire magi
  13 thrashing horrors
  25 soul eaters
  75 sun demons
  14 deep elf knights
  3 goliath frogs
  A hell knight (Depths:4)
  7 shadow wraiths
  The ghost of NimIero the Firebug, a novice OgFE of Vehumet (D:6)
  6 iron trolls
  5 salamander mystics
  A titan skeleton (Tomb:1)
  4 wretched stars
  20 sixfirhies
  2 skysharks
  A bunyip zombie (Crypt:3)
  2 shadow demons
  28 deep trolls
  2 golden dragon zombies (Crypt:3)
  A spriggan druid (Swamp:4)
  An orange crystal statue (IceCv)
  20 skeletal warriors
  4 naga ritualists
  An anaconda skeleton (Tomb:1)
  11 deep elf archers
  5 glowing orange brains
  12 bog bodies
  6 flayed ghosts
  An iron giant skeleton (Crypt:2)
  13 lindwurms
  25 deep elf pyromancers
  Pikel (D:5)
  6 swamp dragons
  4 nameless horrors
  11 ironbound convokers
  22 phantasmal warriors
  13 wizards
  19 deep elf zephyrmancers
  4 harpies (Vaults:2)
  4 necromancers
  An orc knight (Orc:1)
  11 mana vipers
  3 wolf spider zombies (Crypt:1)
  8 cyclopes
  A stone giant zombie (Crypt:1)
  11 orc sorcerers
  5 shining eyes
  44 ugly things
  6 manticores
  14 salamanders
  A salamander (shapeshifter) (Elf:1)
  9 will-o-the-wisps
  A dire elephant zombie (Crypt:1)
  10 elephants
  14 moths of wrath
  4 molten gargoyles (Hell)
  29 large abominations
  27 black mambas
  A black mamba (shapeshifter) (Orc:2)
  8 guardian serpents
  3 eyes of devastation
  2 ice statues (D:14)
  An alligator snapping turtle zombie (Tomb:1)
  19 vault sentinels
  4 centaur zombies
  A torpor snail (Lair:2)
  71 smoke demons
  The ghost of zielscheibe the Changer, a novice VSTm (D:4)
  8 cane toads
  5 rust devils
  Maggie (D:6)
  An apocalypse crab (Abyss:3)
  18 naga magi
  5 unseen horrors
  An eye of devastation (shapeshifter) (Vaults:5)
  8 demonic crawlers (Pan)
  10 centaur skeletons
  26 orange demons
  33 rime drakes
  3 sea snake zombies (Hell)
  A dire elephant skeleton (Pan)
  2 kobold demonologists
  16 hellions
  30 yaktaurs
  7 tengu conjurers
  9 tormentors
  11 efreet
  7 freezing wraiths
  10 ice devils
  A golden dragon simulacrum (Zot:4)
  5 red devils
  5 ancient zymes
  A green draconian skeleton (Crypt:1)
  7 komodo dragons
  2 redback zombies
  A merfolk (shapeshifter) (Vaults:4)
  2 sea snake skeletons (Hell)
  A mana viper skeleton (Crypt:3)
  7 trolls
  A wolf spider simulacrum (D:15)
  A bloated husk (Swamp:4)
  6 tyrant leeches
  28 guardian mummies
  15 polar bears
  A tarantella (Vaults:4)
  2 hydra zombies (Hell)
  Grinder (D:5)
  A tengu simulacrum (Crypt:1)
  40 hellwings
  13 hornets
  18 blink frogs
  Prince Ribbit (Bailey)
  A harpy skeleton (Crypt:1)
  13 raiju
  An ice dragon zombie (Tomb:2)
  2 meliai zombies (Crypt:1)
  A death drake skeleton (Crypt:2)
  An ettin zombie (Crypt:3)
  A dream sheep (shapeshifter) (Vaults:5)
  A great orb of eyes zombie (Crypt:3)
  11 dream sheep
  113 slime creatures
  2 alligator zombies (Hell)
  A hydra skeleton (Pan)
  A jumping spider (shapeshifter) (D:10)
  3 shadows
  3 air elementals
  Sigmund (D:5)
  2 fire dragon skeletons
  18 vampires
  9 spriggans
  A naga simulacrum (Hell)
  3 ettin skeletons
  10 wraiths
  28 flying skulls
  11 fire elementals
  A dire elephant simulacrum (Hell)
  3 hogs (Snake:2)
  A culicivora (shapeshifter) (D:14)
  7 wyverns
  4 basilisks
  8 water elementals
  20 ynoxinuls
  4 humans
  69 yaks
  17 ushabtiu
  19 chaos spawn
  3 fire bats (Abyss:3)
  3 golden eyes (Slime:1)
  2 black mamba skeletons
  7 small abominations
  An alligator snapping turtle simulacrum (Abyss:3)
  A steam dragon (Lair:2)
  12 neqoxecs
  A warg (Orc:1)
  A redback (Vaults:2)
  2 vampire mosquitoes (D:11)
  Menkaure (D:6)
  A faun zombie (Crypt:1)
  9 swamp worms
  30 nagas
  3 harpy simulacra
  A swamp worm (shapeshifter) (Vaults:5)
  2 acid dragons
  A hydra simulacrum (Hell)
  5 hell hounds (Hell)
  12 water moccasins
  A water nymph skeleton (Crypt:1)
  A naga zombie (Crypt:3)
  A moth of wrath simulacrum (Zot:4)
  Duvessa (D:6)
  A glowing shapeshifter skeleton (Crypt:1)
  A floating eye (Depths:3)
  3 naga skeletons
  7 swamp drakes
  12 orc warriors
  2 ice beasts
  A manticore zombie (Crypt:2)
  5 ogres
  2 black bears (D:11)
  4 wolves (Lair:5)
  3 centaurs
  A boggart (Vaults:3)
  A blink frog zombie (Crypt:3)
  A torpor snail zombie (Crypt:2)
  4 lemures (D:4)
  A phantom (D:7)
  2 kobold brigands
  A komodo dragon zombie (Crypt:1)
  Blork the orc (D:5)
  A rime drake skeleton (Crypt:1)
  22 bullfrogs
  2 earth elementals
  A cyclops zombie (Crypt:2)
  5 necrophages
  5 scorpions
  16 wights
  A raiju zombie (Crypt:1)
  Dowan (D:6)
  A troll zombie (Crypt:3)
  10 killer bees
  10 electric eels
  A howler monkey (D:11)
  4 crimson imps (Pan)
  A hound (D:5)
  7 jellies
  A quasit (Abyss:3)
  11 orc priests
  18 starcursed masses
  7 iguanas
  A sleepcap (D:6)
  38 orc wizards
  A boggart zombie (Crypt:1)
  A boggart skeleton (Crypt:1)
  29 mummies
  Robin (D:2)
  4 gnolls (D:4)
  12 adders
  3 white imps
  2 ufetubi
  3 worms
  2 dart slugs
  56 orcs
  7 ball pythons
  8 endoplasms
  4 giant cockroaches
  22 goblins
  9 hobgoblins
  4 jackals (D:1)
  3 quokkas
  5 bats
  7 frilled lizards
  A frilled lizard zombie (Crypt:1)
  2 jackal zombies
  5 kobolds
  A kobold zombie (Crypt:2)
  An orc zombie (Crypt:2)
  A quokka zombie (Crypt:3)
  4 rats
  7 ball lightnings (Pan)
  A butterfly (Lair:4)
  8 fire vortices
  3 starspawn tentacles (Abyss:3)
3039 creatures vanquished.

Vanquished Creatures (collateral kills)
  Mnoleg (Pan)
  An ancient lich (Vaults:5)
  Josephina (Zot:4)
  Bai Suzhen (Crypt:3)
  2 golden dragons
  A doom hound (Zot:4)
  A Hell Sentinel (Pan)
  Jorgrun (Snake:1)
  A searing wretch (Geh:3)
  5 Executioners (Pan)
  3 sphinxes
  A shadow dragon (Zot:4)
  A draconian monk (Zot:3)
  A storm dragon (Zot:2)
  A frost giant (IceCv)
  2 fire giants (Geh:1)
  2 demonspawn warmongers (Pan)
  A deep elf sorcerer (Elf:3)
  3 vault wardens
  4 balrugs (Pan)
  A draconian scorcher (Zot:2)
  2 draconian shifters
  Aizul (Snake:1)
  8 cacodemons (Pan)
  3 demonspawn corrupters (Pan)
  2 draconian stormcallers
  3 reapers
  An ironbound preserver (Vaults:5)
  An angel (Vaults:1)
  A draconian annihilator (Pan)
  An ironbound thunderhulk (Vaults:3)
  6 very ugly things (Pan)
  2 green draconians (Zot:2)
  A deep elf demonologist (Elf:3)
  5 vampire knights
  3 deep elf annihilators
  2 demonspawn black suns (Pan)
  3 bunyips
  A purple draconian (Zot:1)
  A dire elephant (D:15)
  A yellow draconian (Zot:2)
  4 blizzard demons (Pan)
  3 white draconians
  A red draconian (Zot:4)
  3 mummy priests
  A deep elf death mage (Crypt:3)
  10 green deaths (Pan)
  A jiangshi (Crypt:3)
  A fire dragon (D:11)
  2 yaktaur captains (Vaults:5)
  A fenstrider witch zombie (Crypt:3)
  3 salamander tyrants
  A deep elf high priest (Vaults:1)
  2 vault guards
  An elf skeleton (Crypt:3)
  2 hydras
  A death knight (Crypt:1)
  A ghost crab (Swamp:1)
  An ogre mage (Vaults:5)
  A centaur warrior (D:15)
  4 ironbound frosthearts
  A two-headed ogre (D:11)
  A tengu warrior (Depths:3)
  2 vampire magi (Crypt:3)
  2 dancing weapons
  A naga warrior (Snake:3)
  2 thrashing horrors (Abyss:4)
  A death yak (Lair:5)
  5 soul eaters (Pan)
  A spriggan berserker (Depths:4)
  A deep troll earth mage (Depths:3)
  A naga sharpshooter (Snake:4)
  22 sun demons (Pan)
  A hell knight (Vaults:5)
  5 deep elf knights
  3 skeletal warriors
  2 goliath frogs (Swamp:1)
  A shadow wraith (Crypt:3)
  10 sixfirhies
  2 golden dragon zombies (Crypt:3)
  A salamander mystic (Snake:4)
  4 deep trolls
  A swamp dragon (Swamp:1)
  A spriggan simulacrum (Crypt:3)
  A bog body (Swamp:1)
  A naga ritualist (Snake:3)
  A wizard (Pan)
  9 deep elf archers
  A bunyip skeleton (Crypt:3)
  A phantasmal warrior (Crypt:1)
  3 deep elf pyromancers (Elf:2)
  2 necromancers
  A wolf spider (shapeshifter) (Abyss:4)
  2 deep elf zephyrmancers (Elf:1)
  2 salamanders
  A shadow dragon skeleton (Crypt:3)
  A jorogumo skeleton (Crypt:3)
  5 large abominations (Pan)
  A guardian serpent (shapeshifter) (Abyss:4)
  A stone giant skeleton (Pan)
  A black mamba (Snake:3)
  10 slime creatures
  12 smoke demons (Pan)
  4 unseen horrors (Abyss:4)
  A hellion (Pan)
  9 orange demons
  2 efreet (Pan)
  A guardian mummy (Tomb:3)
  A ghost moth simulacrum (Zot:4)
  A yaktaur (Vaults:5)
  4 red devils
  9 hellwings
  A polar bear (IceCv)
  2 raiju (Abyss:4)
  A tyrant leech (Swamp:1)
  A harpy skeleton (Pan)
  An ushabti (Tomb:3)
  A water elemental (Elf:1)
  2 vampires (Crypt:3)
  5 neqoxecs (Pan)
  A red draconian simulacrum (Zot:4)
  5 chaos spawn
  A redback (shapeshifter) (Abyss:4)
  A swamp worm (Swamp:1)
  3 hell hounds (Lair:5)
  3 wolves (Lair:5)
  A mummy (Tomb:2)
  2 ball lightnings (Pan)
  2 lurking horrors (Abyss:4)
319 creatures vanquished.

Vanquished Creatures (others)
  A fire giant (Vaults:4)
  A war gargoyle (Vaults:5)
  A vampire knight (Crypt:3)
  A white draconian (Zot:2)
  A great orb of eyes (shapeshifter) (Abyss:4)
  A spriggan (Swamp:3)
  A deep elf knight (Elf:1)
  A deep troll (Depths:3)
  A deep elf pyromancer (Orc:2)
  2 deep elf zephyrmancers (Elf:1)
  A shining eye (Slime:2)
  An orange demon (Pan)
  A vault sentinel (Vaults:3)
  2 smoke demons (Pan)
  2 tengu conjurers (Depths:2)
  A bloated husk (Swamp:3)
  2 hornets
  2 water elementals (Elf:1)
  A ynoxinul (Pan)
  An ushabti (Tomb:1)
  19 ball lightnings (Pan)
  83 bushes
  A creeping inferno (Geh:3)
  11 demonic plants (Abyss:4)
  27 fire vortices
  38 foxfires
  89 fungi
  A lurking horror (Abyss:4)
  163 plants
  4 snaplasher vines
  4 spectral weapons
  3 starspawn tentacles (Abyss:3)
468 creatures vanquished.

Grand Total: 3826 creatures vanquished

Notes
Turn   | Place    | Note
-------+----------+-------------------------------------------
     0 | D:1      | Fartwhistle the Gnoll Hunter began the quest for the Orb.
     0 | D:1      | Reached XP level 1. HP: 20/20 MP: 1/1
   231 | D:1      | Reached XP level 2. HP: 26/26 MP: 2/2
   393 | D:1      | Reached XP level 3. HP: 31/31 MP: 3/3
   736 | D:2      | Reached skill level 1 in Invocations
   769 | D:2      | Reached skill level 1 in Short Blades
   769 | D:2      | Reached skill level 1 in Long Blades
   769 | D:2      | Reached skill level 1 in Axes
   769 | D:2      | Reached skill level 1 in Maces & Flails
   769 | D:2      | Reached skill level 1 in Polearms
   769 | D:2      | Reached skill level 1 in Staves
   769 | D:2      | Reached skill level 1 in Throwing
   769 | D:2      | Reached skill level 1 in Armour
   769 | D:2      | Reached skill level 1 in Shields
   769 | D:2      | Reached skill level 1 in Unarmed Combat
   769 | D:2      | Reached skill level 1 in Spellcasting
   769 | D:2      | Reached skill level 1 in Evocations
   792 | D:2      | Reached XP level 4. HP: 38/38 MP: 5/5
   810 | D:2      | Noticed Robin
   843 | D:2      | Killed Robin
   844 | D:2      | Reached skill level 1 in Conjurations
   844 | D:2      | Reached skill level 1 in Hexes
   844 | D:2      | Reached skill level 1 in Summonings
   844 | D:2      | Reached skill level 1 in Necromancy
   844 | D:2      | Reached skill level 1 in Translocations
   844 | D:2      | Reached skill level 1 in Transmutations
   844 | D:2      | Reached skill level 1 in Fire Magic
   844 | D:2      | Reached skill level 1 in Ice Magic
   844 | D:2      | Reached skill level 1 in Air Magic
   844 | D:2      | Reached skill level 1 in Earth Magic
   844 | D:2      | Reached skill level 1 in Poison Magic
   966 | D:2      | Reached XP level 5. HP: 43/43 MP: 7/7
  1124 | D:2      | Found The Oracle's Delphic Readings.
  1141 | D:2      | Bought a scroll of teleportation for 39 gold pieces
  1173 | D:2      | Learned a level 2 spell: Blink
  1314 | D:3      | Found a glowing golden altar of the Shining One.
  1343 | D:3      | Became a worshipper of the Shining One
  1361 | D:3      | Found an opulent altar of Gozag.
  1430 | D:3      | Found Jakaucaol's General Store.
  1435 | D:3      | Bought a scroll of teleportation for 42 gold pieces
  1667 | D:3      | Found a broken altar of Ashenzari.
  2255 | D:4      | Found a runed translucent gate.
  2255 | D:4      | Found a runed translucent gate.
  2255 | D:4      | Found a runed translucent gate.
  2257 | D:4      | Noticed zielscheibe's ghost (novice VSTm)
  2376 | D:4      | Reached XP level 6. HP: 50/50 MP: 8/8
  2389 | D:4      | Reached skill level 5 in Fighting
  2389 | D:4      | Reached skill level 5 in Dodging
  2815 | D:5      | Entered Level 5 of the Dungeon
  2917 | D:5      | Reached XP level 7. HP: 44/56 MP: 10/10
  3086 | D:5      | Noticed Pikel
  3241 | D:5      | Noticed Sigmund
  3478 | D:5      | Killed Sigmund
  3479 | D:5      | Reached skill level 2 in Ice Magic
  3483 | D:5      | Killed Pikel
  3484 | D:5      | Reached XP level 8. HP: 60/64 MP: 10/12
  3560 | D:5      | Found a shadowy altar of Dithmenos.
  3788 | D:5      | Found a staircase to the Ecumenical Temple.
  3792 | D:5      | Noticed Blork the orc
  3794 | D:5      | Noticed Grinder
  3814 | D:5      | Killed Blork the orc
  3841 | D:5      | Paralysed by Grinder for 5 turns
  3857 | D:5      | Killed Grinder
  3858 | D:5      | Reached skill level 3 in Ice Magic
  4053 | D:5      | Found Zin's Purification Station.
  4055 | D:5      | Found a glowing silver altar of Zin.
  4061 | D:5      | Bought a potion of curing for 90 gold pieces
  4210 | D:6      | Reached * piety under the Shining One
  4248 | D:6      | Reached XP level 9. HP: 56/69 MP: 14/14
  4489 | D:6      | Noticed Duvessa
  4491 | D:6      | Noticed Dowan
  4495 | D:6      | Killed Duvessa
  4504 | D:6      | Killed Dowan
  4728 | D:6      | Noticed Menkaure
  4737 | D:6      | Killed Menkaure
  4911 | D:6      | Found a runed translucent door.
  4911 | D:6      | Noticed NimIero's ghost (novice OgFE)
  5050 | D:6      | Found a white marble altar of Elyvilon.
  5067 | D:6      | Reached skill level 5 in Stealth
  5190 | D:6      | Noticed Maggie
  5217 | D:6      | Killed Maggie
  5218 | D:6      | Reached skill level 5 in Invocations
  5366 | D:6      | Learned a level 2 spell: Ensorcelled Hibernation
  5545 | D:7      | Reached ** piety under the Shining One
  5748 | D:7      | Noticed a hornet
  5759 | D:7      | Killed a hornet
  5760 | D:7      | Reached skill level 4 in Ice Magic
  5853 | D:7      | Reached skill level 5 in Short Blades
  5853 | D:7      | Reached skill level 5 in Long Blades
  5853 | D:7      | Reached skill level 5 in Axes
  5853 | D:7      | Reached skill level 5 in Maces & Flails
  5853 | D:7      | Reached skill level 5 in Polearms
  5853 | D:7      | Reached skill level 5 in Staves
  5853 | D:7      | Reached skill level 5 in Throwing
  5853 | D:7      | Reached skill level 5 in Armour
  5853 | D:7      | Reached skill level 5 in Shields
  5853 | D:7      | Reached skill level 5 in Unarmed Combat
  5853 | D:7      | Reached skill level 5 in Spellcasting
  5853 | D:7      | Reached skill level 5 in Evocations
  5951 | D:7      | Reached XP level 10. HP: 77/77 MP: 17/17
  5957 | D:7      | Reached skill level 10 in Ranged Weapons
  6347 | D:7      | Found a sparkling altar of Nemelex Xobeh.
  6630 | D:2      | Bought 2 scrolls of blinking for 195 gold pieces
  6929 | D:8      | Found a shimmering altar of Xom.
  7110 | D:8      | You fall into a shaft and drop 2 floors!
  7110 | D:10     | Entered Level 10 of the Dungeon
  7116 | D:9      | Noticed a two-headed ogre
  7202 | D:10     | Identified the +8 dagger of Painful Death {venom, Int+2}
  7315 | D:10     | Noticed a cyclops
  7351 | D:10     | Killed a cyclops
  7374 | D:10     | Found a flagged portal.
  7403 | Bailey   | Entered a bailey
  7494 | Bailey   | Reached skill level 5 in Conjurations
  7494 | Bailey   | Reached skill level 5 in Hexes
  7494 | Bailey   | Reached skill level 5 in Summonings
  7494 | Bailey   | Reached skill level 5 in Necromancy
  7494 | Bailey   | Reached skill level 5 in Translocations
  7494 | Bailey   | Reached skill level 5 in Transmutations
  7494 | Bailey   | Reached skill level 5 in Fire Magic
  7494 | Bailey   | Reached skill level 5 in Ice Magic
  7494 | Bailey   | Reached skill level 5 in Air Magic
  7494 | Bailey   | Reached skill level 5 in Earth Magic
  7494 | Bailey   | Reached skill level 5 in Poison Magic
  7507 | Bailey   | Reached XP level 11. HP: 85/85 MP: 20/20
  7533 | Bailey   | Reached *** piety under the Shining One
  7581 | Bailey   | Noticed a vault guard
  7581 | Bailey   | Noticed Prince Ribbit
  7601 | Bailey   | Killed Prince Ribbit
  7626 | Bailey   | Killed a vault guard
  7776 | Bailey   | Noticed a vault guard
  7848 | D:10     | Noticed a fire dragon
  8583 | D:9      | Found a staircase to the Orcish Mines.
  8642 | D:9      | Killed a two-headed ogre
  8912 | D:9      | Noticed a sun demon
  9065 | D:9      | Noticed a boulder beetle
  9065 | D:9      | Identified the ring "Vaenat" {Ice Will+ Str+6 Dex-3}
  9065 | D:9      | Noticed a tengu warrior
  9065 | D:9      | Noticed a death knight
  9066 | D:9      | Noticed a purple ugly thing
  9078 | D:9      | Noticed a cyclops
  9079 | D:9      | Noticed a swamp dragon
  9126 | D:8      | Killed a purple ugly thing
  9306 | D:9      | Found a hazy altar of Hepliaklqana.
  9313 | D:9      | Noticed a manticore
  9331 | D:9      | Killed a manticore
  9350 | D:9      | Noticed a shining eye
  9354 | D:9      | a shining eye changed into a snapping turtle
  9701 | D:11     | Noticed a cyclops
  9701 | D:11     | Noticed a cyan ugly thing
  9743 | D:11     | Killed a cyan ugly thing
  9813 | D:11     | Killed a cyclops
  9814 | D:11     | Reached XP level 12. HP: 94/94 MP: 22/22
  9834 | D:11     | Noticed a two-headed ogre
  9851 | D:11     | Killed a two-headed ogre
  9852 | D:11     | Reached skill level 6 in Ice Magic
 10213 | D:11     | Found a staircase to the Lair.
 10795 | D:12     | Reached **** piety under the Shining One
 11502 | D:12     | Noticed a boulder beetle
 11524 | D:12     | Killed a boulder beetle
 11594 | D:12     | Noticed a two-headed ogre
 11595 | D:12     | Noticed diceflayer's ghost (journeyman DsHu)
 11595 | D:12     | Noticed a two-headed ogre
 11596 | D:12     | Noticed a centaur warrior
 11596 | D:12     | Noticed a six-headed hydra
 11596 | D:12     | Noticed a catoblepas
 11601 | D:12     | Noticed a two-headed ogre
 11775 | D:12     | Found a transporter.
 11781 | D:12     | Found a transporter.
 11889 | Lair:1   | Entered Level 1 of the Lair of Beasts
 11896 | Lair:1   | Noticed Fartwhistle's ghost (journeyman GnHu)
 11942 | Lair:1   | Noticed Fannar
 11953 | Lair:1   | Killed Fannar
 12416 | Lair:1   | Found a runed translucent gate.
 12416 | Lair:1   | Found a runed translucent gate.
 12416 | Lair:1   | Found a runed translucent gate.
 12481 | Lair:1   | Reached XP level 13. HP: 89/101 MP: 25/25
 13149 | Lair:2   | Found a runed translucent gate.
 13149 | Lair:2   | Found a runed translucent gate.
 13149 | Lair:2   | Found a runed translucent gate.
 13150 | Lair:2   | Noticed Qusi Aja's ghost (journeyman GnHu)
 13384 | Lair:2   | Reached skill level 7 in Ice Magic
 14251 | Lair:2   | Learned a level 4 spell: Ice Form
 14263 | Lair:3   | Found a runed translucent gate.
 14263 | Lair:3   | Found a runed translucent gate.
 14401 | Lair:3   | Noticed MajorAdolf's ghost (journeyman NaWn)
 14422 | Lair:3   | Found a runed translucent gate.
 14422 | Lair:3   | Noticed a minotaur
 14471 | Lair:3   | Reached skill level 10 in Fighting
 14471 | Lair:3   | Reached skill level 10 in Dodging
 14672 | Lair:3   | Identified the +1 leather armour "Ocisaly" {rElec Will+
                  | Str+3 Int+3}
 14703 | Lair:3   | Found a staircase to the Swamp.
 15406 | Lair:3   | Found a staircase to the Snake Pit.
 15609 | Lair:4   | Reached ***** piety under the Shining One
 15740 | Lair:4   | Reached skill level 10 in Invocations
 15740 | Lair:4   | Reached XP level 14. HP: 108/110 MP: 27/27
 16223 | Lair:4   | You fall into a shaft and drop 1 floor!
 16223 | Lair:5   | Entered Level 5 of the Lair of Beasts
 16497 | Lair:5   | Reached skill level 8 in Ice Magic
 16739 | Lair:5   | Reached skill level 10 in Stealth
 16876 | Lair:4   | Found a viscous altar of Jiyva.
 16923 | Lair:4   | Found a staircase to the Slime Pits.
 17006 | Lair:4   | Found a runed translucent door.
 17012 | Lair:4   | Noticed Rupert
 18014 | Lair:5   | Reached skill level 10 in Short Blades
 18014 | Lair:5   | Reached skill level 10 in Long Blades
 18014 | Lair:5   | Reached skill level 10 in Axes
 18014 | Lair:5   | Reached skill level 10 in Maces & Flails
 18014 | Lair:5   | Reached skill level 10 in Polearms
 18014 | Lair:5   | Reached skill level 10 in Staves
 18014 | Lair:5   | Reached skill level 10 in Throwing
 18014 | Lair:5   | Reached skill level 10 in Armour
 18014 | Lair:5   | Reached skill level 10 in Shields
 18014 | Lair:5   | Reached skill level 10 in Unarmed Combat
 18014 | Lair:5   | Reached skill level 10 in Spellcasting
 18014 | Lair:5   | Reached skill level 10 in Evocations
 18414 | Lair:5   | Found a burning altar of Makhleb.
 18432 | Lair:5   | Reached XP level 15. HP: 112/118 MP: 21/29
 18478 | Lair:5   | Found a gateway to Hell.
 19035 | D:9      | Got the Codex of Skeletons and Direction
 19086 | D:9      | Noticed Gastronok
 19099 | D:9      | Killed Gastronok
 19202 | D:9      | Found a bloodstained altar of Trog.
 19276 | D:9      | Found a radiant altar of Vehumet.
 19277 | D:9      | Found a stormy altar of Qazlal.
 19277 | D:9      | Found a hide-covered altar of Uskayaw.
 19836 | D:13     | Identified the +8 war axe of Calculation {flame, Str+6}
 20124 | D:13     | Reached XP level 16. HP: 126/126 MP: 30/30
 20142 | D:13     | Identified the +0 robe of Kindness {Rampage rF- Dex+6}
 20695 | D:14     | Found a frozen archway.
 20727 | D:14     | Reached skill level 9 in Ice Magic
 20742 | IceCv    | Entered an ice cave
 20747 | IceCv    | Learned a level 3 spell: Tukima's Dance
 22718 | D:14     | Reached XP level 17. HP: 133/133 MP: 32/32
 22790 | D:14     | Found a gate to the Vaults.
 23028 | D:15     | Entered Level 15 of the Dungeon
 23261 | D:15     | Found Juopp's Jewellery Boutique.
 23305 | D:15     | Found a staircase to the Depths.
 23320 | D:15     | Identified the +8 tower shield of Hyprul Tyong {rElec rF+
                  | rC-}
 23659 | D:15     | Noticed Azrael
 23716 | D:15     | Killed Azrael
 23818 | D:15     | Identified Roxanne's Anthology of Amathomancy
 23818 | D:15     | Noticed Roxanne
 23889 | D:15     | Killed Roxanne
 24206 | D:15     | Found a blossoming altar of Fedhas.
 24384 | Orc:1    | Entered Level 1 of the Orcish Mines
 24550 | Orc:2    | Entered Level 2 of the Orcish Mines
 24758 | Orc:2    | Reached skill level 10 in Ice Magic
 25110 | Orc:2    | Found Ytoma's Distillery.
 25114 | Orc:2    | Bought a potion of heal wounds for 75 gold pieces
 25114 | Orc:2    | Bought a potion of heal wounds for 75 gold pieces
 25377 | Orc:2    | Found a staircase to the Elven Halls.
 25824 | Orc:2    | Found a radiant altar of Vehumet.
 25844 | Orc:2    | Noticed Erolcha
 25903 | Orc:2    | Killed Erolcha
 25937 | Orc:2    | Found Dires's Distillery.
 25951 | Orc:2    | Found an ancient bone altar of Kikubaaqudgha.
 25969 | Orc:2    | Found Liwopi's Book Shoppe.
 26042 | Orc:2    | Found Lepur's Distillery.
 26068 | Orc:2    | Found Atyche's Antique Weapon Shoppe.
 26211 | Orc:2    | Bought a potion of heal wounds for 75 gold pieces
 26211 | Orc:2    | Bought a potion of heal wounds for 75 gold pieces
 26454 | Swamp:1  | Entered Level 1 of the Swamp
 26587 | Swamp:1  | Learned a level 4 spell: Passage of Golubria
 26859 | Swamp:1  | Reached skill level 10 in Conjurations
 26859 | Swamp:1  | Reached skill level 10 in Hexes
 26859 | Swamp:1  | Reached skill level 10 in Summonings
 26859 | Swamp:1  | Reached skill level 10 in Necromancy
 26859 | Swamp:1  | Reached skill level 10 in Translocations
 26859 | Swamp:1  | Reached skill level 10 in Transmutations
 26859 | Swamp:1  | Reached skill level 10 in Fire Magic
 26859 | Swamp:1  | Reached skill level 10 in Air Magic
 26859 | Swamp:1  | Reached skill level 10 in Earth Magic
 26859 | Swamp:1  | Reached skill level 10 in Poison Magic
 28169 | Swamp:3  | Reached ****** piety under the Shining One
 28198 | Swamp:3  | Reached skill level 11 in Ice Magic
 28198 | Swamp:3  | Reached XP level 18. HP: 66/142 MP: 23/34
 28601 | Swamp:3  | Noticed Louise
 28603 | Abyss:3  | Cast into level 3 of the Abyss (Louise)
 28667 | Swamp:3  | Escaped the Abyss
 28683 | Swamp:3  | Killed Louise
 29212 | Swamp:4  | Entered Level 4 of the Swamp
 30211 | Swamp:4  | Got a decaying rune of Zot
 30304 | Swamp:4  | Identified the +8 morningstar of Departure {protect, *Slow
                  | rElec rF- Dex+6}
 30573 | Snake:1  | Entered Level 1 of the Snake Pit
 30573 | Snake:1  | Found a shadowy altar of Dithmenos.
 30835 | Snake:1  | Noticed Aizul
 30848 | Snake:1  | Killed Aizul
 30849 | Snake:1  | Reached skill level 15 in Ranged Weapons
 31282 | Snake:1  | Noticed Agnes
 31295 | Snake:1  | Killed Agnes
 31493 | Snake:1  | Reached skill level 12 in Ice Magic
 31655 | Snake:1  | Noticed Jorgrun
 31671 | Snake:1  | Killed Jorgrun
 32406 | Snake:2  | Noticed Vashnia
 32427 | Snake:2  | Killed Vashnia
 32702 | Snake:2  | Reached XP level 19. HP: 149/150 MP: 35/35
 32842 | Snake:2  | Noticed Kirke
 32989 | Snake:2  | Killed Kirke
 33635 | Snake:3  | Identified the +0 robe "Humyotim" {rN+ Str+2}
 34378 | Snake:4  | Entered Level 4 of the Snake Pit
 34505 | Snake:4  | Found Felichisyw's Book Boutique.
 34505 | Snake:4  | Found Soforgha's Jewellery Shoppe.
 34506 | Snake:4  | Found Ziply's Jewellery Shoppe.
 34515 | Snake:4  | Bought a Fen Folio for 630 gold pieces
 34521 | Snake:4  | Learned a level 5 spell: Summon Forest
 34528 | Snake:4  | Learned a level 6 spell: Eringya's Noxious Bog
 35240 | Snake:4  | Identified the +0 ring mail of Venur {Rampage MP-9 Str+2
                  | Stlth+}
 35700 | Snake:4  | Reached skill level 13 in Ice Magic
 35940 | Snake:4  | Got a serpentine rune of Zot
 36254 | Elf:1    | Entered Level 1 of the Elven Halls
 36518 | Abyss:3  | Cast into level 3 of the Abyss (a deep elf demonologist)
 36712 | Abyss:3  | Identified a +5 arbalest of holy wrath (a +3 arbalest
                  | blessed by the Shining One)
 36712 | Abyss:3  | Received a gift from the Shining One
 36714 | Elf:1    | Escaped the Abyss
 36877 | Elf:1    | Reached XP level 20. HP: 26/160 MP: 37/37
 36904 | Elf:1    | Paralysed by an air elemental for 1 turns
 37434 | Elf:1    | Found Ecrou's Magic Scroll Shoppe.
 37438 | Elf:1    | Bought a scroll of enchant armour for 135 gold pieces
 37438 | Elf:1    | Bought a scroll of teleportation for 54 gold pieces
 37438 | Elf:1    | Bought a scroll of teleportation for 54 gold pieces
 37464 | Elf:1    | Paralysed by an air elemental for 1 turns
 37469 | Elf:1    | Paralysed by an air elemental for 1 turns
 38244 | Elf:2    | Reached skill level 15 in Invocations
 38399 | Elf:2    | Learned a level 6 spell: Statue Form
 38441 | Elf:2    | Found a runed translucent gate.
 38442 | Elf:2    | Found a runed translucent gate.
 38442 | Elf:2    | Found a runed translucent gate.
 39121 | Elf:2    | Identified the +3 tower shield "Bematorr" {*Corrode rElec
                  | rC+ Stlth+}
 39124 | Abyss:3  | Found a corrupted altar of Lugonu.
 39124 | Abyss:3  | Cast into level 3 of the Abyss (+1 long sword of
                  | distortion)
 39158 | Abyss:3  | Found a corrupted altar of Lugonu.
 39164 | Abyss:3  | Found a corrupted altar of Lugonu.
 39211 | Abyss:3  | Found a corrupted altar of Lugonu.
 39490 | Abyss:3  | Reached skill level 14 in Ice Magic
 39534 | Elf:2    | Escaped the Abyss
 39938 | Elf:3    | Entered Level 3 of the Elven Halls
 40822 | Elf:3    | Found Cehu's Assorted Antiques.
 40894 | Elf:3    | Paralysed by an air elemental for 1 turns
 41358 | Elf:3    | Reached skill level 15 in Fighting
 41358 | Elf:3    | Reached skill level 15 in Dodging
 41718 | Elf:3    | Reached XP level 21. HP: 132/168 MP: 39/39
 42062 | Elf:3    | Identified the +0 ring mail of Ipus {Will+ Regen+}
 42185 | Abyss:3  | Cast into level 3 of the Abyss (a deep elf sorcerer)
 42274 | Elf:3    | Escaped the Abyss
 42655 | Elf:3    | Identified the +8 arbalest "Ridwog" {antimagic, rN+ Int+2
                  | Stlth-}
 42763 | Elf:3    | Got the Almanac of the Shifting Evil Eye
 42876 | Elf:3    | Identified the +0 pair of boots of Betay {rCorr Str-3 Int-5
                  | Stlth+}
 42878 | Elf:3    | Got the Elucidation of Apparitions and the Blizzard
 42891 | Elf:3    | Learned a level 6 spell: Summon Cactus Giant
 43175 | D:12     | Killed diceflayer's ghost
 43593 | D:6      | Killed NimIero's ghost
 43654 | D:4      | Killed zielscheibe's ghost
 43992 | Depths:1 | Entered Level 1 of the Depths
 44828 | Depths:1 | Found a one-way gate to the infinite horrors of the Abyss.
 44931 | Depths:1 | Paralysed by a vampire knight for 2 turns
 44955 | Depths:1 | Found a one-way gate leading to the halls of Pandemonium.
 44998 | Depths:1 | Found Novameub's Antique Armour Emporium.
 45007 | Depths:1 | Bought an embroidered cloak for 195 gold pieces
 45045 | Depths:1 | Identified the +9 hand axe "Piur" {freeze, rF+++ rCorr
                  | Str-2 Int-3}
 45643 | Depths:2 | Reached skill level 15 in Stealth
 45643 | Depths:2 | Reached skill level 15 in Ice Magic
 45909 | Depths:2 | Found a sacrificial altar of Ru.
 46174 | Depths:2 | Noticed Darold's ghost (veteran GnVM)
 46177 | Depths:2 | Noticed a dread lich
 46359 | Depths:2 | Found a runed translucent door.
 46384 | Depths:2 | Reached skill level 15 in Short Blades
 46384 | Depths:2 | Reached skill level 15 in Long Blades
 46384 | Depths:2 | Reached skill level 15 in Axes
 46384 | Depths:2 | Reached skill level 15 in Maces & Flails
 46384 | Depths:2 | Reached skill level 15 in Polearms
 46384 | Depths:2 | Reached skill level 15 in Staves
 46384 | Depths:2 | Reached skill level 15 in Throwing
 46384 | Depths:2 | Reached skill level 15 in Armour
 46384 | Depths:2 | Reached skill level 15 in Shields
 46384 | Depths:2 | Reached skill level 15 in Unarmed Combat
 46384 | Depths:2 | Reached skill level 15 in Spellcasting
 46384 | Depths:2 | Reached skill level 15 in Evocations
 46388 | Depths:2 | Found a runed translucent door.
 46497 | Depths:2 | Found a one-way gateway to a ziggurat.
 47056 | Depths:3 | Reached XP level 22. HP: 47/177 MP: 23/41
 47182 | Depths:3 | Noticed a golden dragon
 47442 | Depths:3 | Killed a golden dragon
 47506 | Depths:3 | Found a flickering gateway to a bazaar.
 47517 | Bazaar   | Entered a bazaar
 47560 | Bazaar   | Found Binlephoiki's Jewellery Emporium.
 47576 | Bazaar   | Found Xeak's Antique Weapon Emporium.
 47576 | Bazaar   | Found Paki Fuc's Weapon Shoppe.
 47598 | Bazaar   | Found Odois's Antique Armour Shoppe.
 47614 | Bazaar   | Found Vatoy's Antique Armour Emporium.
 47686 | Bazaar   | Bought an amulet of reflection for 390 gold pieces
 47819 | Depths:3 | Identified the +9 plate armour of New Discoveries {rF-
                  | rCorr Dex+2}
 49166 | Depths:4 | Entered Level 4 of the Depths
 49166 | Depths:4 | Noticed a golden dragon
 49655 | Depths:4 | Killed a golden dragon
 50000 | Depths:4 | Found Ileixker's Weapon Shoppe.
 50000 | Depths:4 | Found Nakhliyn's Book Emporium.
 50001 | Depths:4 | Found Zifyoshro's Antique Armour Shoppe.
 50176 | Depths:4 | Found Doant's Antique Weapon Emporium.
 50184 | Depths:4 | Bought a pitted mace for 216 gold pieces
 50184 | Depths:4 | Identified the +1 mace of World's End {freeze, Int+3} (You
                  | bought it in a shop on level 4 of the Depths)
 50278 | Depths:4 | Noticed a golden dragon
 50295 | Depths:4 | Killed a golden dragon
 50654 | Depths:4 | Noticed Frederick
 50670 | Depths:4 | Killed Frederick
 50671 | Depths:4 | Reached skill level 16 in Ice Magic
 50791 | Depths:4 | Noticed Mennas
 51303 | Depths:4 | Found a gate to the Realm of Zot.
 51655 | Depths:4 | HP: 16/347 [Mennas/+1 trishula of holy wrath (15)]
 51657 | Depths:4 | Killed Mennas
 52401 | Vaults:1 | Entered Level 1 of the Vaults
 53419 | Vaults:1 | Reached XP level 23. HP: 185/185 MP: 42/42
 53601 | Vaults:1 | Paralysed by a sphinx for 2 turns
 53851 | Vaults:1 | Noticed Donald
 53866 | Vaults:1 | Killed Donald
 54085 | Vaults:1 | Found Nocvub's Antique Weapon Shop.
 54088 | Vaults:1 | Bought a transparent shortbow for 264 gold pieces
 54088 | Vaults:1 | Identified the +6 shortbow of Infinity {flame, Str+2 Int+2
                  | Stlth+} (You bought it in a shop on level 1 of the Vaults)
 55375 | Vaults:2 | Found a white marble altar of Elyvilon.
 55375 | Vaults:2 | Found a glowing golden altar of the Shining One.
 55377 | Vaults:2 | Found a glowing silver altar of Zin.
 55567 | Vaults:2 | Identified the +5 quarterstaff of Subterfuge {freeze,
                  | +Blink rF+++ rC- Dex-2}
 57087 | Vaults:3 | Identified the +6 plate armour of the Bulwark {rPois Int-4
                  | Stlth+}
 57150 | Vaults:3 | Found a staircase to the Crypt.
 57182 | Vaults:3 | Noticed Nikola
 57206 | Vaults:3 | Paralysed by a sphinx for 5 turns
 57211 | Vaults:3 | Killed Nikola
 57603 | Vaults:3 | Reached skill level 15 in Hexes
 58544 | Abyss:3  | Cast into level 3 of the Abyss (a deep elf demonologist)
 58549 | Abyss:3  | Found a corrupted altar of Lugonu.
 58687 | Abyss:3  | Reached skill level 17 in Ice Magic
 58752 | Abyss:3  | Paralysed by accursed screaming for 1 turns
 58865 | Vaults:4 | Escaped the Abyss
 58890 | Abyss:3  | Cast into level 3 of the Abyss (a deep elf demonologist)
 59274 | Abyss:4  | Paralysed by accursed screaming for 1 turns
 59341 | Abyss:4  | Reached XP level 24. HP: 84/195 MP: 35/43
 59343 | Vaults:4 | Escaped the Abyss
 59350 | Vaults:4 | HP: 16/379 [dire elephant (23)]
 59352 | Vaults:4 | HP: 6/379 [dire elephant (11)]
 59352 | Vaults:4 | HP: 2/379 [bone dragon (4)]
 59690 | Vaults:4 | Found Odauxin's Jewellery Shop.
 60370 | Vaults:4 | Found a portal to a secret trove of treasure.
 60542 | Vaults:4 | Identified the +7 arbalest of Gallantry {heavy, Str+5
                  | Int+4}
 60582 | Vaults:4 | Found Usema's Assorted Antiques.
 60884 | Vaults:4 | Found Iweipoocuts's Weapon Shop.
 61180 | Vaults:4 | Found Dahomic's Jewellery Boutique.
 61184 | Vaults:4 | Found Qaddaet's Jewellery Emporium.
 61444 | Vaults:4 | Learned a level 7 spell: Summon Hydra
 61461 | Vaults:5 | Entered Level 5 of the Vaults
 64414 | Vaults:5 | Reached skill level 18 in Ice Magic
 64574 | Vaults:5 | Noticed an ancient lich
 64579 | Vaults:5 | Identified the +0 tower shield of Rigar {rElec}
 64587 | Vaults:5 | Killed an ancient lich
 64727 | Vaults:5 | Found Weomoehy's Distillery.
 64727 | Vaults:5 | Found Jimuttu's Armour Boutique.
 64731 | Vaults:5 | Found Faheyjud's Distillery.
 64739 | Vaults:5 | Bought a potion of haste for 170 gold pieces
 64739 | Vaults:5 | Bought a potion of berserk rage for 85 gold pieces
 64739 | Vaults:5 | Bought a potion of magic for 136 gold pieces
 64770 | Vaults:5 | Noticed an ancient lich
 64789 | Vaults:5 | Killed an ancient lich
 64790 | Vaults:5 | Reached XP level 25. HP: 85/202 MP: 26/44
 65126 | Vaults:5 | Identified the +2 whip "Botacrau" {distort, rElec rC+}
 66203 | Vaults:5 | Got a silver rune of Zot
 66973 | Vaults:5 | Found Ereux's General Store.
 66979 | Vaults:5 | Bought 2 potions of might for 144 gold pieces
 66979 | Vaults:5 | Bought a potion of might for 72 gold pieces
 66979 | Vaults:5 | Bought a scroll of blinking for 135 gold pieces
 67245 | Vaults:5 | Found Urraf's Distillery.
 67824 | Crypt:1  | Entered Level 1 of the Crypt
 69681 | Crypt:1  | Found the +9 sword of Zonguldrok {reap}
 70383 | Crypt:2  | Reached skill level 15 in Conjurations
 70383 | Crypt:2  | Reached skill level 15 in Summonings
 70383 | Crypt:2  | Reached skill level 15 in Necromancy
 70383 | Crypt:2  | Reached skill level 15 in Translocations
 70383 | Crypt:2  | Reached skill level 15 in Transmutations
 70383 | Crypt:2  | Reached skill level 15 in Fire Magic
 70383 | Crypt:2  | Reached skill level 15 in Air Magic
 70383 | Crypt:2  | Reached skill level 15 in Earth Magic
 70383 | Crypt:2  | Reached skill level 15 in Poison Magic
 70453 | Crypt:2  | Learned a level 7 spell: Monstrous Menagerie
 71267 | Crypt:3  | Entered Level 3 of the Crypt
 71533 | Crypt:3  | Noticed Bai Suzhen
 71560 | Crypt:3  | Found a basalt altar of Yredelemnul.
 71743 | Crypt:3  | Killed Bai Suzhen
 71744 | Crypt:3  | Reached skill level 19 in Ice Magic
 71744 | Crypt:3  | Reached XP level 26. HP: 139/211 MP: 33/44
 72185 | Crypt:3  | Found a staircase to the Tomb.
 72352 | Crypt:3  | Identified the staff of fire "Dous" {rF+ Str+2}
 72532 | Crypt:3  | Identified the ring "Mieh" {+Blink rN+}
 72532 | Crypt:3  | Identified the ring "Domoan" {rPois rN+}
 72599 | Crypt:3  | Identified the +9 falchion of the First Invaders {drain,
                  | *Noise rElec rPois Dex+4}
 73052 | Crypt:3  | Noticed Jory
 73094 | Crypt:3  | Killed Jory
 73225 | Crypt:3  | Identified the staff of fire "Efofoach" {rF+ Will+ Int+6
                  | Stlth+}
 73914 | Depths:1 | Voluntarily entered the Abyss.
 73952 | Abyss:4  | Got an abyssal rune of Zot
 74136 | Depths:1 | Escaped the Abyss
 74390 | Pan      | Entered the realm of Cerebov.
 74390 | Pan      | Entered Pandemonium
 75758 | Pan      | Found the +6 sword of Cerebov {flame}
 75758 | Pan      | Noticed Cerebov
 75890 | Pan      | Identified the +9 spear of Foolhardiness {flame, rN+}
 76085 | Pan      | Identified the +6 scimitar of Certain Death {heavy, rPois
                  | rF+ Str+2}
 76085 | Pan      | Identified the ring of Paopok {rC+ Will+}
 76759 | Pan      | Identified the +9 hand axe "Iniuppibb" {protect, rC- Dex+2
                  | Stlth+}
 77589 | Pan      | Killed Cerebov
 77590 | Pan      | Reached XP level 27. HP: 65/221 MP: 41/45
 77954 | Pan      | Reached skill level 20 in Ice Magic
 77979 | Pan      | Identified the +5 triple crossbow "Ahiadit" {flame, rC++
                  | Int-3}
 78011 | Pan      | Identified the +5 hand crossbow of Proximity {freeze, rPois
                  | rF- rN+++ Will+ Int+4}
 78014 | Pan      | Identified the staff of conjuration "Ineif" {Will+ MP+9
                  | SInv}
 78039 | Pan      | Identified the staff of poison "Woreuf" {rPois Int+5}
 78043 | Pan      | Identified the ring "Ubaha" {rPois MP+9 Str+3 Int+6 Slay+2}
 78084 | Pan      | Got a fiery rune of Zot
 78843 | Pan      | Noticed Duwiuh the pandemonium lord
 78852 | Pan      | Killed Duwiuh the pandemonium lord
 78890 | Pan      | Entered the realm of Mnoleg.
 79190 | Pan      | Gained mutation: Your system is resistant to poisons.
                  | (rPois) [a cacodemon]
 79413 | Pan      | Noticed Mnoleg
 79423 | Pan      | Gained mutation: Your magical capacity is low. (-10% MP) [a
                  | cacodemon]
 79425 | Pan      | Gained mutation: You sometimes lose your temper in combat.
                  | [a cacodemon]
 79440 | Pan      | Gained mutation: You have hidden genetic defects. [a
                  | neqoxec]
 79442 | Pan      | Lost mutation: Your magical capacity is low. (-10% MP)
                  | [potion of mutation]
 79442 | Pan      | Lost mutation: You have hidden genetic defects. [potion of
                  | mutation]
 79442 | Pan      | Lost mutation: You sometimes lose your temper in combat.
                  | [potion of mutation]
 79442 | Pan      | Gained mutation: Your flesh is heat resistant. (rF+)
                  | [potion of mutation]
 79442 | Pan      | Gained mutation: You are partially covered in iridescent
                  | scales. (AC +2) [potion of mutation]
 79660 | Pan      | Killed Mnoleg
 79671 | Pan      | Got a glowing rune of Zot
 79674 | Pan      | Gained mutation: You occasionally lose the ability to read
                  | scrolls when taking damage. [a cacodemon]
 79684 | Pan      | Lost mutation: Your system is resistant to poisons. (rPois)
                  | [potion of mutation]
 79684 | Pan      | Lost mutation: Your flesh is heat resistant. (rF+) [potion
                  | of mutation]
 79684 | Pan      | Gained mutation: You passively map a small area around you.
                  | [potion of mutation]
 79750 | Pan      | Lost mutation: You passively map a small area around you.
                  | [potion of mutation]
 79750 | Pan      | Lost mutation: You occasionally lose the ability to read
                  | scrolls when taking damage. [potion of mutation]
 79750 | Pan      | Gained mutation: You are dopey. (Int -2) [potion of
                  | mutation]
 79750 | Pan      | Gained mutation: You have large cloven feet. [potion of
                  | mutation]
 79750 | Pan      | Gained mutation: You are somewhat resistant to further
                  | mutation. [potion of mutation]
 79760 | Pan      | Noticed Wyohu Boa the pandemonium lord
 79862 | Pan      | Noticed Otrety the pandemonium lord
 80384 | Pan      | Found an exit through the horrors of the Abyss.
 80394 | Pan      | Took an exit into the Abyss.
 80394 | Abyss:4  | Escaped into the Abyss
 80401 | Depths:1 | Escaped the Abyss
 80698 | Orc:2    | Bought a potion of berserk rage for 75 gold pieces
 80714 | Orc:2    | Bought a potion of haste for 150 gold pieces
 80714 | Orc:2    | Bought a potion of brilliance for 60 gold pieces
 80714 | Orc:2    | Bought a potion of haste for 150 gold pieces
 80714 | Orc:2    | Bought a potion of berserk rage for 75 gold pieces
 80714 | Orc:2    | Bought a potion of haste for 150 gold pieces
 80714 | Orc:2    | Bought a potion of curing for 45 gold pieces
 80714 | Orc:2    | Bought a potion of haste for 150 gold pieces
 80953 | D:15     | Bought a ring of wizardry for 390 gold pieces
 81046 | Depths:4 | Bought the +4 consecrated labrys {holy, Valiant Fragile Fly
                  | SInv} for 942 gold pieces
 81046 | Depths:4 | Found the +4 consecrated labrys {holy, Valiant Fragile Fly
                  | SInv}
 81362 | D:3      | Bought the +1 helmet of the Great Game {Int+3} for 319 gold
                  | pieces
 81390 | D:3      | Learned a level 9 spell: Polar Vortex
 81685 | Pan      | Entered the realm of Gloorx Vloq.
 81685 | Pan      | Entered Pandemonium
 81740 | Pan      | Learned a level 7 spell: Ozocubu's Refrigeration
 82939 | Pan      | Noticed Gloorx Vloq
 82958 | Pan      | Killed Gloorx Vloq
 83369 | Pan      | Got a dark rune of Zot
 83519 | Pan      | Reached skill level 21 in Ice Magic
 84146 | Pan      | Noticed Wous Zahu the pandemonium lord
 84614 | Pan      | Killed Wous Zahu the pandemonium lord
 85029 | Pan      | Noticed Keaguo the pandemonium lord
 85188 | Pan      | Noticed Iclanaf the pandemonium lord
 85229 | Pan      | Noticed Gywup the pandemonium lord
 85254 | Pan      | Entered the realm of Lom Lobon.
 85639 | Pan      | Found an exit through the horrors of the Abyss.
 86321 | Pan      | HP: 11/224 [blizzard demon] (31)]
 87129 | Pan      | Noticed Lom Lobon
 87734 | Pan      | Learned a level 1 spell: Apportation
 88405 | Pan      | Got a magical rune of Zot
 88535 | Pan      | Took an exit into the Abyss.
 88535 | Abyss:4  | Escaped into the Abyss
 88535 | Abyss:4  | Found a corrupted altar of Lugonu.
 88537 | Abyss:4  | Found a corrupted altar of Lugonu.
 88545 | Abyss:4  | Paralysed by accursed screaming for 1 turns
 88551 | Depths:1 | Escaped the Abyss
 88836 | Elf:1    | Bought a scroll of magic mapping for 135 gold pieces
 88836 | Elf:1    | Bought a scroll of teleportation for 54 gold pieces
 88836 | Elf:1    | Bought a scroll of teleportation for 54 gold pieces
 89210 | Vaults:5 | Bought a potion of haste for 210 gold pieces
 89210 | Vaults:5 | Bought a potion of heal wounds for 105 gold pieces
 89210 | Vaults:5 | Bought a potion of heal wounds for 105 gold pieces
 89861 | Slime:1  | Entered Level 1 of the Pits of Slime
 90775 | Slime:2  | Paralysed by a great orb of eyes for 5 turns
 91449 | Slime:5  | Entered Level 5 of the Pits of Slime
 91674 | Slime:5  | Noticed the Royal Jelly
 91683 | Slime:5  | Killed the Royal Jelly
 91684 | Slime:5  | Reached skill level 22 in Ice Magic
 91943 | Slime:5  | Lost mutation: You are somewhat resistant to further
                  | mutation. [a shining eye]
 92148 | Slime:5  | Got the Lectures on Sandy Algor
 92150 | Slime:5  | Identified the +3 leather armour of Scuffed Leaves {SInv}
 92181 | Slime:5  | Got the Almanac of Energy and the Deep Freeze
 92206 | Slime:5  | Identified the +1 pair of boots of Impatience {rElec
                  | Will++}
 92222 | Slime:5  | Got a slimy rune of Zot
 92223 | Slime:5  | Identified the +0 arbalest of the Mauling Gods {drain, Fly
                  | rElec SInv Stlth-}
 92273 | Slime:5  | Identified the +3 demon blade "Teostauw" {freeze, Fragile
                  | Str+9 Int-5 Dex+2}
 92277 | Slime:5  | Identified the staff of fire "Eguretipli" {rF+ Str+4}
 92331 | Slime:5  | Identified the +4 glaive of Jeathrebi {holy, Contam Str+5}
 94033 | Pan      | Entered Pandemonium
 94108 | Pan      | Noticed Beniy the pandemonium lord
 94124 | Depths:1 | Escaped Pandemonium
 94400 | Pan      | Entered Pandemonium
 94823 | Pan      | Noticed Redwi the pandemonium lord
 94838 | Pan      | HP: 1/226 [drowned by Redwi the pandemonium lord (40)]
 95619 | Pan      | Found an exit through the horrors of the Abyss.
 95652 | Pan      | Took an exit into the Abyss.
 95652 | Abyss:4  | Escaped into the Abyss
 95664 | Depths:1 | Escaped the Abyss
 95916 | Vaults:4 | Bought a scroll of teleportation for 108 gold pieces
 96247 | Orc:2    | Bought Erghyu Pipe's Elucidation of Arcane Weapons for 532
                  | gold pieces
 96259 | Orc:2    | Learned a level 9 spell: Fire Storm
 96525 | Pan      | Entered Pandemonium
 96656 | Pan      | Noticed Zokkait the pandemonium lord
 96941 | Pan      | Killed Zokkait the pandemonium lord
 96961 | Pan      | Got a demonic rune of Zot
 97049 | Pan      | Found an exit through the horrors of the Abyss.
 97058 | Pan      | Took an exit into the Abyss.
 97058 | Abyss:4  | Escaped into the Abyss
 97058 | Abyss:4  | Found a corrupted altar of Lugonu.
 97149 | Depths:1 | Escaped the Abyss
 97543 | Vaults:4 | You paid a toll of a +7 demon whip to enter a treasure
                  | trove
 97544 | Trove    | Entered a treasure trove
 97581 | Trove    | Got Sif Muna's Tome of the Brume and Bewitchment
 97584 | Trove    | Got the Tome of Composition and Formation
 97609 | Trove    | Got Fuocoem's Catalogue of Foggy Misery
 97900 | Hell     | Entered the Vestibule of Hell
 97900 | Hell     | Noticed Geryon
 98316 | Hell     | Killed Geryon
 98360 | Hell     | Learned a level 4 spell: Passage of Golubria
 98370 | Hell     | Found a gateway to the ashen valley of Gehenna.
 98553 | Hell     | Found a gateway to the decaying netherworld of Tartarus.
 98626 | Hell     | Found a gateway to the freezing wastes of Cocytus.
 98799 | Hell     | Found a gateway to the Iron City of Dis.
 98898 | Geh:1    | Entered Level 1 of Gehenna
 99207 | Zot:1    | Entered Level 1 of the Realm of Zot
 99519 | Zot:1    | Got the Codex of Outbursts
102258 | Zot:2    | Reached skill level 23 in Ice Magic
104280 | Zot:3    | Identified a scroll of acquirement
104292 | Zot:3    | Acquired 1061 gold pieces
105004 | Zot:3    | Found the ring of the Hare {EV+10}
105464 | Zot:4    | Found a transporter.
106006 | Zot:4    | Identified the +1 cloak of Springtime {rC- Will+ Regen+
                  | Int+3}
106007 | Zot:4    | Identified the +1 cloak "Baschiuc" {Dex+3}
106008 | Zot:4    | Identified the +0 cloak "Oram" {Fly Regen+}
106009 | Zot:4    | Noticed PanSaczeczos's ghost (master SpBr)
106018 | Zot:4    | Found a bloodstained altar of Trog.
106024 | Zot:4    | Found a transporter.
106452 | Zot:4    | Identified the +6 hand axe "Ittuqofi" {protect, Int+3}
106456 | Zot:4    | Identified the ring "Teidwod" {Ice rCorr Dex+4 Slay-4}
106456 | Zot:4    | Noticed Josephina
106496 | Zot:4    | Killed Josephina
106647 | Zot:4    | Noticed Grunn
106654 | Zot:4    | Killed Grunn
107558 | Temple   | Entered the Ecumenical Temple
108017 | Tomb:1   | Entered Level 1 of the Tomb of the Ancients
108841 | Tomb:1   | Noticed a royal mummy
108850 | Tomb:1   | Identified the +9 bardiche "Hellblazer" {drain, Int+4}
108856 | Tomb:1   | Killed a royal mummy
109103 | Tomb:1   | Noticed a royal mummy
109109 | Tomb:1   | Killed a royal mummy
109420 | Tomb:2   | Noticed a royal mummy
109420 | Tomb:2   | Noticed a royal mummy
109420 | Tomb:2   | Noticed a royal mummy
109421 | Tomb:2   | Noticed a royal mummy
109422 | Tomb:2   | Noticed a royal mummy
110811 | Tomb:2   | Killed a royal mummy
110812 | Tomb:2   | Killed a royal mummy
110815 | Tomb:2   | Killed a royal mummy
110816 | Tomb:2   | Killed a royal mummy
110819 | Tomb:2   | Killed a royal mummy
111255 | Tomb:1   | Noticed a royal mummy
111266 | Tomb:1   | Killed a royal mummy
111275 | Tomb:1   | Noticed a royal mummy
111284 | Tomb:1   | Killed a royal mummy
111288 | Tomb:1   | Noticed a royal mummy
111296 | Tomb:1   | Killed a royal mummy
111297 | Tomb:1   | Reached skill level 24 in Ice Magic
111310 | Tomb:1   | Noticed a royal mummy
111315 | Tomb:1   | Killed a royal mummy
111485 | Tomb:1   | Noticed a royal mummy
111497 | Tomb:1   | Killed a royal mummy
111502 | Tomb:1   | Noticed a royal mummy
111510 | Tomb:1   | Killed a royal mummy
111559 | Tomb:1   | Noticed a royal mummy
111565 | Tomb:1   | Killed a royal mummy
111565 | Tomb:1   | Noticed a royal mummy
111566 | Tomb:1   | Noticed a royal mummy
111567 | Tomb:1   | Noticed a royal mummy
111567 | Tomb:1   | Noticed a royal mummy
111568 | Tomb:1   | Noticed a royal mummy
111575 | Tomb:1   | Killed a royal mummy
111577 | Tomb:1   | Killed a royal mummy
111579 | Tomb:1   | Killed a royal mummy
111583 | Tomb:1   | Killed a royal mummy
111583 | Tomb:1   | Killed a royal mummy
111834 | Tomb:1   | Noticed a royal mummy
111848 | Tomb:1   | Killed a royal mummy
111863 | Tomb:1   | Noticed a royal mummy
111869 | Tomb:1   | Noticed a royal mummy
111886 | Tomb:1   | Killed a royal mummy
111889 | Tomb:1   | Killed a royal mummy
112610 | Tomb:2   | Identified the +2 tower shield "Gupon" {Int+5}
112954 | Tomb:3   | Entered Level 3 of the Tomb of the Ancients
112987 | Tomb:3   | Noticed a royal mummy
112995 | Tomb:3   | Killed a royal mummy
112995 | Tomb:3   | Noticed a royal mummy
112996 | Tomb:3   | Noticed a royal mummy
112997 | Tomb:3   | Noticed a royal mummy
113002 | Tomb:3   | HP: 12/349 [bennu (8)]
113002 | Tomb:3   | Slain by a bennu

Illustrated notes

Levels and vault maps discovered:
D:1:      matt_arrival_grand_opening, layout_basic, corexii_leaking_fountain,
          minmay_octomino_c4
D:2:      layout_rooms, nicolae_nh_oracle_at_delphi, uniq_robin
D:3:      layout_loops_cross, mainiacjoe_overflow_paths, tso_metal_star,
          lemuel_round_altar, serial_shops, nicolae_shop_hallway_stairs
D:4:      layout_cave_pools, ebering_ghost_rock_garden,
          kennysheep_generic_room_15
D:5:      layout_cave_pools, zin_purify, amcnicky_altar_gilded,
          minmay_temple_entry_sparse_star, minmay_misc_feat_hallway,
          minmay_liquid_box, uniq_sigmund, uniq_blork_the_orc, uniq_pikel,
          uniq_grinder
D:6:      layout_loops_corners, mainiacjoe_overflow_brackets,
          gammafunk_ghost_grave, uniq_maggie, uniq_duvessa, uniq_menkaure
D:7:      layout_basic, nemelex_dance_club_becter, serial_curves,
          eino_curves_03, eino_curves_04, eino_curves_03
D:8:      layout_loops_ring, general_overflow_altar, serial_bayou,
          serial_bayou_lagoon_a, serial_bayou_crossing, serial_bayou_pond_b,
          serial_bayou_pond_d, hangedman_abyss_or_decor_lesser_grid
D:9:      minmay_the_grid_triangle_9x9_recursive_2
          [minmay_the_grid_triangle_9x9_prize_center,
          minmay_the_grid_triangle_9x9_longest,
          minmay_the_grid_triangle_9x9_flanged_cone,
          minmay_the_grid_triangle_9x9_pentomino_pain], layout_basic,
          mainiacjoe_overflow_chevrons,
          chequers_temple_overflow_statue_of_worship, uniq_gastronok
D:10:     layout_big_octagon, enter_bailey_5, nrook_mini_backslash
D:11:     layout_stronghold, due_lair_maze_entry_diamond
D:12:     layout_rooms, nzn_ghost_randoct, minmay_misc_feat_tower
D:13:     layout_stronghold
D:14:     layout_small_grid, david_vaults_4, columned_hall_lemuel, serial_bayou,
          serial_bayou_ford_a, serial_bayou_shore_b, serial_bayou_lake_a,
          serial_bayou_shore_b, portal_ice_cave_entry_ice_statue_two
D:15:     hangedman_depths_entry_try_elsewhere_first, layout_loops_ring,
          minmay_hedge_maze, serial_shops, shop, fedhas_altar_1, uniq_roxanne,
          uniq_azrael
Temple:   chequers_temple_sunken
Lair:1:   layout_roguey, gammafunk_ghost_split, uniq_fannar
Lair:2:   layout_cave_pods, gammafunk_ghost_split
Lair:3:   layout_concentric_octagons, skrybe_swamp_entry_bodies,
          nicolae_snake_entry_squirm, maelrawn_ghost_gauntlet_escape,
          grunt_megastairs_2, serial_bayou_shore_a
Lair:4:   layout_roguey, nicolae_slime_entry_field_trip,
          pdpol_lair_cabin_in_the_woods, lemuel_fruit_fields
Lair:5:   evil_forest, layout_regular_city, serial_bayou, serial_bayou_pond_b,
          serial_bayou_pond_c, serial_bayou_pond_b, serial_bayou_pond_c
Swamp:1:  layout_basic_swamp, evilmike_swamp_ruin_house_2
Swamp:2:  layout_basic_swamp, nicolae_swamp_orc_logging_accident
Swamp:3:  layout_falls_marsh, infiniplex_staircase_pool, swamp_pool1,
          uniq_louise
Swamp:4:  swamp_basic_johnstein, layout_basic_swamp
Snake:1:  layout_grid_maze, basic_altar, uniq_jorgrun, uniq_agnes, uniq_aizul
Snake:2:  layout_rooms, serial_bayou_shore_b, uniq_kirke, uniq_vashnia
Snake:3:  layout_gridlike, serial_bayou_shore_b
Snake:4:  johnstein_snake_rune_scales, layout_misc_corridors, lemuel_fruit_tree,
          minmay_shop_grove
Slime:1:  layout_caves
Slime:2:  layout_caves
Slime:3:  layout_caves, basic_altar, nicolae_slime_crime_time
Slime:4:  cheibrodos_slime_lost_civilization_2, layout_caves
Slime:5
Orc:1:    layout_caves
Orc:2:    kennysheep_orc_mage_school, layout_caves, serial_shops,
          shop_fountains, basic_altar
Elf:1:    eino_elf_arrival_the_gate, layout_rooms, serial_shops,
          nicolae_diamond_shop, evilmike_minifort,
          roderic_lattice_octagonal_star
Elf:2:    nicolae_elf_blades_crystal_corner, layout_geoelf_diagonals
Elf:3:    grunt_elf_hall_diamonds, layout_loops_corners, minmay_shop_star
Vaults:1: nicolae_vaults_trapezoid_lopsided_1,
          nicolae_vaults_doubleplus_tesselated, nicolae_vaults_trapezoid_4,
          vaults_mumra_lcd, nicolae_vaults_shelves_hall,
          vaults_mumra_chevron_long, nicolae_vaults_six-pack,
          nicolae_vaults_heart-shaped_vault, nicolae_vaults_little_guard_posts,
          layout_vaults_omnigrid, serial_shops,
          nicolae_shop_tiny_real_fake_doors, uniq_donald
Vaults:2: portal_desolation_entry_holy_temple, nicolae_vaults_little_squares_4,
          hangedman_vaults_slither, vaults_mumra_minichess_inversion,
          ontoclasm_vaults_claustrophobia, ontoclasm_vaults_shuriken,
          layout_vaults_chaotic_city
Vaults:3: minmay_crypt_entry_simple_sparse, nicolae_vaults_weapon_check,
          nicolae_vaults_closet_pinwheel_3, nicolae_vaults_heart-shaped_vault,
          nicolae_vaults_bisected_exclaves, nicolae_vaults_tetromino_L_2,
          v_misc_33, vaults_mumra_hex, nicolae_vaults_asterisk,
          layout_vaults_omnicross, uniq_nikola
Vaults:4: nicolae_vaults_circle_grid_b, hangedman_vaults_trim,
          ontoclasm_vaults_hangar, nicolae_vaults_diagonal_hallway_8,
          nicolae_vaults_offset_grid_hallway_1, nicolae_vaults_more_shelving_1,
          hangedman_vaults_snaps, vaults_room_door_ring,
          nicolae_vaults_steering_wheel, nicolae_vaults_disjoint_gnomons,
          nicolae_vaults_yaktaur_gun_rack, vaults_dpeg_cross,
          nicolae_vaults_shipping_containers_2, vaults_mumra_chevron,
          nicolae_vaults_little_ls, nicolae_vaults_house_1,
          layout_vaults_omnibox, nicolae_trove_entry_crystal, serial_shops,
          shop, shop, shop, shop, nicolae_diamond_shop
Vaults:5: serial_shops
Crypt:1:  layout_catacombs, minmay_guarded_unrand_zonguldrok, grunt_megastairs_3
Crypt:2:  layout_misc_corridors
Crypt:3:  due_elkab, layout_chaotic_city, basic_altar, uniq_bai_suzhen
Tomb:1
Tomb:2
Tomb:3
Depths:1: layout_gridlike, rand_demon_pan_entry_3, hangedman_decor_riveting,
          hell_entry, serial_corexii_hall, corexii_hall_statues_i,
          chequers_hall_statues_wall_a, abyss_entry, serial_shops, shop,
          st_stairs_10, kennysheep_potato
Depths:2: minmay_octagon_keep, layout_honeycomb, enter_ziggurat_c,
          muffindrake_ghost_dual_entry, hell_entry, grunt_pan_entry_zigzag,
          nicolae_ru_great_annihilating_truth
Depths:3: cheibrodos_birdhouse, layout_basic, serial_shops, bzr_entry_water,
          grunt_pan_entry_sceptre, hell_entry, abyss_entry
Depths:4: evilmike_zot_entry_diamond, layout_cave_shapes, hellmouth_1,
          minmay_shoptagon, uniq_mennas, uniq_frederick
Hell
Geh:1:    layout_gehenna_pools_triple
Geh:2:    layout_gehenna_lava_caves
Geh:3:    layout_gehenna_pools_basic
Geh:4:    layout_gehenna_lava_caves
Zot:1:    kennysheep_spiral_hall, layout_twisted_circle
Zot:2:    kennysheep_blocky_hall, layout_gridlike,
          hangedman_zot_decor_checkerboard
Zot:3:    layout_basic
Zot:4:    layout_basic, gammafunk_ghost_wrathful_warriors, uniq_josephina,
          uniq_grunn

Skill      XL: |  1  2  3  4  5  6  7  8  9 10 11 12 13 14 15 16 17 18 19 20 21 22 23 24 25 26 27 |
---------------+----------------------------------------------------------------------------------+-----
Invocations    | 1 2 3 4 5 6 7 8 10 11 12 13 14 15 16 17 18 19 20 23 | 23.8
Short Blades   | 1 2 3 5 6 7 8 9 10 11 12 13 14 15 16 17 18 22 | 22.0
Long Blades    | 1 2 3 5 6 7 8 9 10 11 12 13 14 15 16 17 18 22 | 22.0
Axes           | 1 2 3 5 6 7 8 9 10 11 12 13 14 15 16 17 18 22 | 22.0
Maces & Flails | 1 2 3 5 6 7 8 9 10 11 12 13 14 15 16 17 18 22 | 22.0
Polearms       | 1 2 3 5 6 7 8 9 10 11 12 13 14 15 16 17 18 22 | 22.0
Staves         | 1 2 3 5 6 7 8 9 10 11 12 13 14 15 16 17 18 22 | 22.0
Throwing       | 1 2 3 5 6 7 8 9 10 11 12 13 14 15 16 17 18 22 | 22.0
Armour         | 1 2 3 5 6 7 8 9 10 11 12 13 14 15 16 17 18 22 | 22.0
Shields        | 1 2 3 5 6 7 8 9 10 11 12 13 14 15 16 17 18 22 | 22.0
Unarmed Combat | 1 2 3 5 6 7 8 9 10 11 12 13 14 15 16 17 18 22 | 22.0
Spellcasting   | 1 2 3 5 6 7 8 9 10 11 12 13 14 15 16 17 18 22 | 22.0
Evocations     | 1 2 3 5 6 7 8 9 10 11 12 13 14 15 16 17 18 22 | 22.0
Conjurations   | 1 2 3 4 5 6 7 8 9 10 11 12 13 14 15 18 | 18.9
Hexes          | 1 2 3 4 5 6 7 8 9 10 11 12 13 14 15 16 17 18 23 | 23.0
Summonings     | 1 2 3 4 5 6 7 8 9 10 11 12 13 14 15 18 | 18.9
Necromancy     | 1 2 3 4 5 6 7 8 9 10 11 12 13 14 15 18 | 18.9
Translocations | 1 2 3 4 5 6 7 8 9 10 11 12 13 14 15 18 | 18.9
Transmutations | 1 2 3 4 5 6 7 8 9 10 11 12 13 14 15 18 | 18.9
Fire Magic     | 1 2 3 4 5 6 7 8 9 10 11 12 13 14 15 18 | 18.9
Ice Magic      | 1 2 3 4 5 6 7 8 9 11 12 13 14 15 16 17 18 19 24 | 24.2
Air Magic      | 1 2 3 4 5 6 7 8 9 10 11 12 13 14 15 18 | 18.9
Earth Magic    | 1 2 3 4 5 6 7 8 9 10 11 12 13 14 15 18 | 18.9
Poison Magic   | 1 2 3 4 5 6 7 8 9 10 11 12 13 14 15 18 | 18.9
Stealth        | 3 4 5 6 7 8 9 10 11 12 13 14 15 16 17 18 22 | 22.1
Fighting       | 5 6 7 8 9 10 11 12 13 14 15 16 17 18 19 22 | 22.4
Dodging        | 5 6 7 8 9 10 11 12 13 14 15 16 17 18 19 22 | 22.4
Ranged Weapons | 9 10 11 12 13 14 15 16 17 18 19 20 23 | 23.2

Action                     |  1- 3 |  4- 6 |  7- 9 | 10-12 | 13-15 | 16-18 | 19-21 | 22-24 | 25-27 || total
---------------------------+-------+-------+-------+-------+-------+-------+-------+-------+-------++-------
  Melee: Shortbow          |       |       |     4 |       |       |       |       |       |       ||     4
         Whip              |       |       |    43 |    45 |       |       |       |       |       ||    88
         Bite              |       |       |    17 |    93 |   162 |   125 |   127 |   303 |  1060 ||  1887
         Dagger            |       |       |    31 |   346 |   245 |    39 |     9 |       |       ||   670
         Punch             |       |       |     5 |    28 |    32 |    64 |    94 |   100 |    16 ||   339
         Battleaxe         |       |       |       |    60 |   119 |    32 |    11 |       |       ||   222
         Quarterstaff      |       |       |       |    59 |   463 |    39 |       |       |       ||   561
         War axe           |       |       |       |       |       |   407 |   672 |  1225 |   397 ||  2701
         Hand axe          |       |       |       |       |       |       |       |    44 |       ||    44
         Trishula          |       |       |       |       |       |       |       |    19 |       ||    19
         Sacred scourge    |       |       |       |       |       |       |       |       |  2243 ||  2243
         Labrys            |       |       |       |       |       |       |       |       |  1427 ||  1427
         Kick              |       |       |       |       |       |       |       |       |   215 ||   215
   Fire: Shortbow          |    75 |   204 |   273 |   444 |   178 |       |       |       |       ||  1174
         Arbalest          |       |       |       |       |    36 |   876 |  1105 |   703 |   346 ||  3066
         Sling             |       |       |       |       |    33 |       |       |       |       ||    33
         Hand crossbow     |       |       |       |       |       |       |       |       |   866 ||   866
  Throw: Boomerang         |       |       |     3 |     2 |       |       |       |       |     9 ||    14
         Dart              |       |       |       |     2 |       |       |       |       |       ||     2
   Cast: Ensorcelled Hiber |       |       |       |     8 |       |       |       |       |     1 ||     9
         Blink             |       |       |       |     1 |       |       |     1 |     2 |     1 ||     5
         Passage of Golubr |       |       |       |       |       |     2 |       |       |       ||     2
         Tukima's Dance    |       |       |       |       |       |     1 |       |       |       ||     1
         Summon Forest     |       |       |       |       |       |       |     1 |     4 |     3 ||     8
         Eringya's Noxious |       |       |       |       |       |       |     3 |     7 |     1 ||    11
         Statue Form       |       |       |       |       |       |       |     2 |    22 |    45 ||    69
         Summon Cactus Gia |       |       |       |       |       |       |       |    16 |    27 ||    43
         Summon Hydra      |       |       |       |       |       |       |       |     3 |    91 ||    94
         Monstrous Menager |       |       |       |       |       |       |       |       |    10 ||    10
         Polar Vortex      |       |       |       |       |       |       |       |       |    36 ||    36
         Fire Storm        |       |       |       |       |       |       |       |       |    12 ||    12
         Apportation       |       |       |       |       |       |       |       |       |     2 ||     2
 Invoke: Cleansing Flame   |       |       |       |     6 |     1 |     8 |     8 |    12 |    50 ||    85
         Divine Shield     |       |       |       |     1 |       |     1 |       |       |       ||     2
         Summon Divine War |       |       |       |       |     3 |    10 |     8 |     7 |    31 ||    59
         Brand Weapon With |       |       |       |       |       |       |     1 |       |       ||     1
  Evoke: Wand              |       |     3 |    17 |    21 |    13 |    14 |     4 |     2 |    10 ||    84
         Phial of floods   |       |       |       |       |       |     1 |       |       |     1 ||     2
         Phantom mirror    |       |       |       |       |       |       |       |       |     4 ||     4
         Box of beasts     |       |       |       |       |       |       |       |       |     1 ||     1
         Tin of tremorston |       |       |       |       |       |       |       |       |     2 ||     2
    Use: Scroll            |       |       |     2 |     8 |    14 |    20 |     8 |    12 |    40 ||   104
         Potion            |       |       |       |     3 |     1 |       |    10 |    18 |    53 ||    85
 Armour: Leather armour    |    10 |    24 |    14 |       |       |       |       |       |       ||    48
         Robe              |       |       |    21 |       |       |       |       |       |       ||    21
         Swamp dragon scal |       |       |    20 |   241 |   326 |   107 |       |       |       ||   694
         Ice dragon scales |       |       |       |       |       |    14 |       |       |       ||    14
         Fire dragon scale |       |       |       |       |       |   357 |   773 |   623 |  1422 ||  3175
         Plate armour      |       |       |       |       |       |     2 |       |       |       ||     2
         Skin              |       |       |       |       |       |       |    23 |   191 |   575 ||   789
  Dodge: Dodged            |    18 |    25 |   110 |   454 |   538 |   792 |  1038 |  1212 |  2781 ||  6968
  Block: Other             |       |       |       |    12 |       |     3 |       |   230 |    64 ||   309
         Reflection        |       |       |       |       |       |       |       |    44 |    41 ||    85
         Buckler           |       |       |       |       |       |       |       |   354 |  3005 ||  3359
